 Dungeon Crawl Stone Soup version 0.24.0-1-gfbc8707122 (webtiles) character file.

Game seed: 17281725469791404873, levelgen mode: deterministic

51556 lepoulpe303 the Severer (level 14, -17/135 HPs)
             Began as a Hill Orc Abyssal Knight on Oct 26, 2019.
             Was the Champion of Lugonu.
             Demolished by an ice devil (20 damage)
             ... summoned by an orc high priest
             ... while paralysed by an orc sorcerer
             ... on level 2 of the Orcish Mines on Oct 27, 2019.
             The game lasted 01:13:05 (25208 turns).

lepoulpe303 the Severer (Hill Orc Abyssal Knight)  Turns: 25208, Time: 01:13:06

Health: -17/135    AC: 21    Str: 22    XL:     14   Next: 60%
Magic:  0/22       EV:  2    Int: 13    God:    Lugonu [******]
Gold:   228        SH:  0    Dex: 14    Spells: 13/13 levels left

rFire    . . .     SeeInvis .   a - +9 battleaxe (distort)
rCold    . . .     Gourm    .   (shield currently unavailable)
rNeg     . . .     Faith    .   I - +0 plate armour
rPois    .         Spirit   +   E - +1 helmet {Int+3} {Int+3}
rElec    .         Reflect  +   x - scarf {Spirit}
rCorr    .         Harm     .   v - +1 pair of gloves
MR       +....                  p - +0 pair of boots
Stlth    ..........             C - +5 amulet of reflection
HPRegen  0.32/turn              m - +4 ring of slaying
MPRegen  0.18/turn              z - +4 ring of dexterity

@: paralysed
A: dopey 1, strong 1
a: Depart the Abyss, Bend Space, Banish, Corrupt, Enter the Abyss, Renounce
Religion, Convert to Beogh


You were on level 2 of the Orcish Mines.
You worshipped Lugonu.
Lugonu was exalted by your worship.
You were not hungry.

You visited 3 branches of the dungeon, and saw 19 of its levels.
You visited the Abyss 1 time.

You collected 2408 gold pieces.
You spent 2180 gold pieces at shops.

Inventory:

Hand Weapons
 a - a +9 battleaxe of distortion (weapon)
Missiles
 Q - 389 stones
 R - 24 boomerangs (quivered)
Armour
 k - a +2 chain mail of fire resistance {rF+}
 p - a +0 pair of boots (worn)
 v - a +1 pair of gloves (worn)
 x - a scarf of spirit shield (worn)
 E - a +1 helmet of intelligence (worn) {Int+3}
 H - a +2 chain mail of cold resistance {rC+}
 I - a +0 plate armour (worn)
 T - a +2 hat of magic resistance {MR+}
Jewellery
 m - a +4 ring of slaying (left hand)
 z - a +4 ring of dexterity (right hand)
 C - a +5 amulet of reflection (around neck)
 N - an uncursed ring of positive energy {rN+}
 P - an uncursed ring of poison resistance
Wands
 j - a wand of paralysis (16)
 u - a wand of enslavement (8)
 D - a wand of digging (16)
 G - a wand of flame (68)
 J - a wand of clouds (5)
Scrolls
 f - 2 scrolls of fog
 g - a scroll of fear
 i - 2 scrolls of identify
 o - 3 scrolls of immolation {!r}
 t - 4 scrolls of teleportation
 w - 8 scrolls of remove curse
 y - a scroll of enchant armour
 A - 2 scrolls of magic mapping {!r}
 B - 4 scrolls of blinking {!r}
 F - a scroll of summoning
 S - a scroll of silence
Potions
 b - 2 potions of cancellation
 d - 3 potions of might
 h - 6 potions of haste
 l - 5 potions of heal wounds
 n - 2 potions of resistance
 q - 5 potions of curing
 r - 4 potions of flight
 s - a potion of agility
 K - a potion of invisibility
 V - a potion of ambrosia
 Y - a potion of lignification {!q}
Miscellaneous
 c - a lamp of fire
 U - a fan of gales
Comestibles
 e - 25 rations
 L - 5 chunks of flesh


   Skills:
 * Level 15.2 Fighting
 * Level 16.1 Axes
 + Level 10.3 Armour
 + Level 7.8 Dodging
   Level 3.6 Shields
 + Level 11.9 Invocations
 - Level 6.7 Evocations


You had 13 spell levels left.
You didn't know any spells.
Your spell library contained the following spells:

 Spells                   Type           Power        Failure   Level  Hunger
 Animate Skeleton         Necr           N/A          99%         1    ##.....
 Flame Tongue             Conj/Fire      #....        99%         1    ##.....
 Magic Dart               Conj           #...         99%         1    ##.....
 Pain                     Necr           #...         99%         1    ##.....
 Sting                    Conj/Pois      #...         99%         1    ##.....
 Summon Small Mammal      Summ           #...         99%         1    ##.....
 Blink                    Tloc           N/A          99%         2    ###....
 Call Imp                 Summ           #.......     99%         2    ###....
 Poisonous Vapours        Pois/Air       #.....       99%         2    ###....
 Slow                     Hex            #.......     99%         2    ###....
 Throw Flame              Conj/Fire      #.....       99%         2    ###....
 Call Canine Familiar     Summ           #.......     100%        3    ####...
 Conjure Flame            Conj/Fire      #.......     100%        3    ####...
 Inner Flame              Hex/Fire       #.......     100%        3    ####...
 Mephitic Cloud           Conj/Pois/Air  #.......     100%        3    ####...
 Regeneration             Chrm/Necr      #.........   100%        3    ####...
 Summon Guardian Golem    Hex/Summ       #.......     100%        3    ####...
 Vampiric Draining        Necr           #.........   100%        3    ####...
 Animate Dead             Necr           N/A          100%        4    #####..
 Olgreb's Toxic Radiance  Pois           #.......     100%        4    #####..
 Sticky Flame             Conj/Fire      #.......     100%        4    #####..
 Summon Ice Beast         Ice/Summ       #.......     100%        4    #####..
 Summon Lightning Spire   Summ/Air       #.......     100%        4    #####..
 Fireball                 Conj/Fire      #.........   100%        5    ######.
 Venom Bolt               Conj/Pois      #.........   100%        5    ######.


Dungeon Overview and Level Annotations

Branches:
Dungeon (11/15)            Temple (0/1) D:6            Lair (6/6) D:10
 Shoals (0/4) Lair:3        Snake (0/4) Lair:4        Slime (0/5) Lair:5
    Orc (2/2) D:9             Elf (0/3) Orc:2

Altars:
Ashenzari
Cheibriados
Fedhas
Gozag
Kikubaaqudgha
Nemelex Xobeh
Okawaru
Trog
Wu Jian
Zin
The Shining One

Shops:
D:4 =[   D:7 !   Orc:1 !   Orc:2 !?}

Annotations:
D:4 2 runed translucent doors, OleJ's ghost, novice HaWn


Innate Abilities, Weirdness & Mutations

You are dopey. (Int -2)
Your muscles are strong. (Str +2)


Message History

* * * LOW HITPOINT WARNING * * *
The sixfirhy shocks you!
* * * LOW HITPOINT WARNING * * *
The sixfirhy hits you!
* * * LOW HITPOINT WARNING * * *
The sixfirhy shocks you!
* * * LOW MAGIC WARNING * * *;
* * * LOW HITPOINT WARNING * * *
The sixfirhy hits you.
* * * LOW MAGIC WARNING * * *;
* * * LOW HITPOINT WARNING * * *
The sixfirhy shocks you!
* * * LOW MAGIC WARNING * * *;
* * * LOW HITPOINT WARNING * * *
The sixfirhy hits you but does no damage.
The orc high priest invokes the aid of Beogh against you.
Beogh smites you!
* * * LOW MAGIC WARNING * * *;
* * * LOW HITPOINT WARNING * * *
The ice devil hits you.
* * * LOW MAGIC WARNING * * *;
* * * LOW HITPOINT WARNING * * *
The ice devil freezes you!!
* * * LOW MAGIC WARNING * * *
You die...

## #...#.....#..........#......
.######.......###...)......#....[
....#.#......#####..........#....
..........#####.###........)[....
....#.#....###...###...........♣.
...###....###.....###<...........
...##.#..###.#...#.###[......)...
........###.........###..........
......####...#.#@#...###.........
......###...##.43##)..###).....[.
....####...##..#o4##...###....)..
....###...##..###.o##)..###......
..####o#.##..# #4.##)#)###...#.
..###..)##..# #.3##...###....
...###.#o##. .##.#.###.....
....###...## ##...###......
.....###...## ##...###.......


You could see 2 orc high priests, an ice devil, a sixfirhy, a ynoxinul and 2 red
devils.

Levels and vault maps discovered:
D:1:      erik_arrival_orb_chamber, layout_basic, minmay_heptomino_l4
D:2:      layout_loops_ring
D:3:      layout_loops_ring, gammafunk_temple_overflow_claw, first_ration,
          kennysheep_generic_room_8
D:4:      layout_cave_pools, serial_shops, shop, hellmonk_ghost_happy_afterlife,
          minmay_shop_enchanted_jewellery, lemuel_angel_altar
D:5:      minmay_razor_zed, layout_gridville
D:6:      layout_basic, temple_pool_b
D:7:      minmay_general_purpose_star, layout_cave_pods, serial_shops,
          kennysheep_mini_moat, st_stairs_14
D:8:      layout_loops_cross, special_room [special_room_orc],
          hangedman_little_slice_of_home, uniq_gastronok
D:9:      minmay_ornate_pinched, layout_basic, grunt_temple_overflow_open,
          cheibriados_altar_1, orc_0_dummy
D:10:     layout_rooms, lair_entry_dummy
D:11:     layout_basic, serial_shops, nicolae_shop_waterfront,
          grunt_ministairs_13, st_stairs_5, uniq_nergalle
Lair:1:   layout_layer_cave, basic_altar, serial_bayou_pond_b,
          minmay_hedge_maze, st_stairs_6, nicolae_quartered_pool_medium
Lair:2:   layout_long_grid
Lair:3:   layout_regular_city, shoals_dummy_entry, basic_altar, roderic_batcave,
          grunt_forest_stairs_basic
Lair:4:   layout_gridlike, guppyfry_snake_entry_island, special_room
          [special_room_bee], serial_bayou_shore_b
Lair:5:   layout_roguey, slime_dummy, special_room [special_room_mythical_zoo],
          bh_autumn_forest_stairs, kennysheep_catoblepas_arena,
          lemuel_fruit_fields
Lair:6:   minmay_lair_end_enchanted_forest, layout_gridlike
Orc:1:    layout_caves, serial_shops, nicolae_shop_stone, hangedman_minor_magic,
          uniq_erolcha
Orc:2:    pf_orc_diabolical, layout_caves, serial_shops, nicolae_shop_trees,
          bloody_trog

Notes
Turn   | Place    | Note
-------+----------+-------------------------------------------
     0 | Abyss:1  | lepoulpe303 the Hill Orc Abyssal Knight began the quest for
                  | the Orb.
     0 | Abyss:1  | Reached XP level 1. HP: 19/19 MP: 2/2
    88 | Abyss:3  | Noticed a frost giant skeleton
   112 | D:1      | Escaped the Abyss
   113 | D:1      | Identified a ring of slaying (You found it on level 3 of
                  | the Abyss)
   121 | D:1      | Reached * piety under Lugonu
   142 | D:1      | Reached skill level 3 in Axes
   143 | D:1      | Reached XP level 2. HP: 23/27 MP: 3/3
   197 | D:1      | Identified a +0 club
   221 | D:1      | Reached skill level 4 in Fighting
   222 | D:1      | Identified a +0 club
   228 | D:1      | Reached skill level 1 in Dodging
   394 | D:1      | Reached XP level 3. HP: 33/33 MP: 4/4
   405 | D:1      | Identified a +0 pair of gloves (You found it on level 1 of
                  | the Dungeon)
   452 | D:1      | Identified a +0 club
   573 | D:1      | Identified a +0 short sword
   577 | D:1      | Identified a +0 club
   578 | D:1      | Identified a +1 dagger of flaming
   587 | D:1      | Reached ** piety under Lugonu
   603 | D:1      | Identified a +0 ring mail (You found it on level 1 of the
                  | Dungeon)
   604 | D:1      | Identified a ring of poison resistance (You found it on
                  | level 1 of the Dungeon)
   746 | D:1      | Identified 4 scrolls of identify
   746 | D:1      | Identified 2 potions of haste
   747 | D:1      | Identified a ring of magical power (You found it on level 1
                  | of the Dungeon)
   872 | D:2      | Identified a +0 club
   887 | D:2      | Identified a +0 club
   938 | D:2      | HP: 8/34 [poisoned by an adder]
   943 | D:2      | HP: 5/34 [poisoned by an adder]
   944 | D:2      | Identified a potion of mutation
   944 | D:2      | Gained mutation: You are dopey. (Int -2) [potion of
                  | mutation]
   944 | D:2      | Gained mutation: Your muscles are strong. (Str +2) [potion
                  | of mutation]
   945 | D:2      | Identified a potion of ambrosia
  1137 | D:2      | Identified a +0 club
  1220 | D:2      | Reached XP level 4. HP: 30/41 MP: 6/6
  1633 | D:3      | Identified a +0 flail
  1633 | D:3      | Identified a +0 club
  1637 | D:3      | Identified a +0 falchion
  1780 | D:3      | Identified a +0 club
  1811 | D:3      | Identified a cursed -1 scale mail (You found it on level 3
                  | of the Dungeon)
  1830 | D:3      | Reached skill level 3 in Invocations
  1877 | D:3      | Reached skill level 4 in Axes
  1992 | D:3      | Found a blossoming altar of Fedhas.
  1992 | D:3      | Found an opulent altar of Gozag.
  1992 | D:3      | Found a glowing golden altar of the Shining One.
  2063 | D:3      | Identified a +0 club
  2339 | D:3      | Identified a +1 cloak (You found it on level 3 of the
                  | Dungeon)
  2339 | D:3      | Identified 4 scrolls of teleportation
  2340 | D:3      | Identified 2 scrolls of blinking
  2341 | D:3      | Identified a scroll of fear
  2342 | D:3      | Identified a scroll of enchant weapon
  2343 | D:3      | Identified a scroll of remove curse
  2395 | D:4      | Found Obacobel's Jewellery Shop.
  2407 | D:4      | Reached skill level 3 in Armour
  2407 | D:4      | Reached XP level 5. HP: 38/47 MP: 7/7
  2414 | D:4      | Noticed a phantom
  2433 | D:4      | Killed a phantom
  2433 | D:4      | Reached skill level 5 in Fighting
  2433 | D:4      | Reached XP level 6. HP: 50/56 MP: 8/8
  2489 | D:4      | Noticed OleJ's ghost (novice HaWn)
  2492 | D:4      | Found a runed translucent door.
  2500 | D:4      | Identified a +0 chain mail
  2500 | D:4      | Identified a +0 club
  2500 | D:4      | Identified a +0 flail
  2500 | D:4      | Identified a +0 leather armour
  2501 | D:4      | Identified a +0 dagger
  2501 | D:4      | Identified a +0 robe
  2532 | D:4      | Reached skill level 5 in Axes
  2608 | D:4      | Reached skill level 2 in Dodging
  2641 | D:4      | HP: 13/56 [hound (4)]
  2898 | D:4      | Found a glowing silver altar of Zin.
  2898 | D:4      | Found a runed translucent door.
  2898 | D:4      | Identified a +3 whip of holy wrath
  2898 | D:4      | Identified a +0 robe
  2898 | D:4      | Noticed an angel
  2917 | D:3      | Reached skill level 4 in Invocations
  3120 | D:4      | Reached XP level 7. HP: 58/62 MP: 10/10
  3124 | D:4      | Found Wiyj's Antique Armour Emporium.
  3164 | D:4      | Bought a runed chain mail for 150 gold pieces
  3174 | D:4      | Identified a +2 chain mail of fire resistance (You bought
                  | it in a shop on level 4 of the Dungeon)
  3252 | D:3      | Reached skill level 6 in Fighting
  3258 | D:3      | Identified 3 potions of curing
  3272 | D:3      | Reached skill level 6 in Axes
  3962 | D:4      | Identified a +0 flail
  3963 | D:4      | Identified a +0 spear
  3968 | D:4      | Identified a +0 flail
  3976 | D:4      | Reached skill level 4 in Armour
  4187 | D:5      | Entered Level 5 of the Dungeon
  4208 | D:5      | Reached *** piety under Lugonu
  4268 | D:5      | Identified a cursed +0 short sword
  4268 | D:5      | Identified a +0 leather armour
  4268 | D:5      | Identified a +0 whip
  4268 | D:5      | Identified a +0 chain mail
  4268 | D:5      | Identified a +0 dagger
  4268 | D:5      | Identified a +0 ring mail
  4268 | D:5      | Identified a cursed +0 flail
  4466 | D:5      | Identified a +0 large shield (You found it on level 5 of
                  | the Dungeon)
  4519 | D:5      | Reached XP level 8. HP: 71/71 MP: 11/11
  4612 | D:5      | Identified a +0 giant spiked club
  4811 | D:5      | Reached skill level 7 in Fighting
  4811 | D:5      | Reached skill level 7 in Axes
  4828 | D:5      | Identified a +0 shortbow
  4849 | D:5      | Reached skill level 1 in Shields
  4849 | D:5      | Reached skill level 5 in Invocations
  5055 | D:5      | Identified a +0 dagger
  5537 | D:6      | Identified a +0 dagger
  5537 | D:6      | Identified a +0 robe
  5540 | D:6      | Identified a +0 scale mail
  5542 | D:6      | Identified a +0 trident
  5556 | D:5      | Reached skill level 3 in Dodging
  5752 | D:6      | Found a staircase to the Ecumenical Temple.
  5765 | D:6      | Identified a +0 giant spiked club
  5908 | D:6      | Reached skill level 2 in Shields
  5926 | D:6      | Identified a +1 pair of gloves (You found it on level 6 of
                  | the Dungeon)
  5927 | D:6      | Identified 2 potions of degeneration
  5928 | D:6      | Identified a potion of cancellation
  5929 | D:6      | Identified a potion of heal wounds
  5930 | D:6      | Identified a potion of flight
  5931 | D:6      | Identified a scroll of immolation
  5932 | D:6      | Identified a +0 shortbow
  5944 | D:6      | Reached skill level 8 in Axes
  5980 | D:6      | Reached XP level 9. HP: 68/81 MP: 13/13
  5989 | D:6      | Identified a +3 great sword
  5989 | D:6      | Identified a +0 robe
  6005 | D:6      | Reached skill level 5 in Armour
  6009 | D:6      | Identified a cursed +0 short sword
  6009 | D:6      | Identified a +0 robe
  6101 | D:6      | Identified a +2 hand axe
  6101 | D:6      | Identified a +0 robe
  6101 | D:6      | Identified a cursed +3 mace
  6101 | D:6      | Identified a +0 robe
  6101 | D:6      | Identified a +0 hand axe
  6101 | D:6      | Identified a +0 robe
  6121 | D:6      | Reached skill level 8 in Fighting
  6121 | D:6      | Reached skill level 1 in Evocations
  6498 | D:6      | Identified a +0 shield (You found it on level 6 of the
                  | Dungeon)
  6634 | D:7      | Identified a +0 dagger
  6634 | D:7      | Identified a +0 robe
  6651 | D:7      | Identified a +0 club
  6675 | D:7      | Identified a +0 whip
  6676 | D:7      | Identified a +0 shortbow
  6678 | D:7      | Identified a +0 whip
  6678 | D:7      | Identified a +0 dagger
  6678 | D:7      | Identified a +0 robe
  6709 | D:7      | Reached skill level 6 in Invocations
  6796 | D:7      | Reached skill level 3 in Shields
  6826 | D:7      | Identified a scarf of spirit shield (You found it on level
                  | 7 of the Dungeon)
  6953 | D:7      | Reached skill level 2 in Evocations
  6966 | D:7      | Reached skill level 9 in Axes
  6968 | D:7      | Reached **** piety under Lugonu
  7294 | D:7      | Found Vegoeggi's Distillery.
  7297 | D:7      | Bought a potion of heal wounds for 65 gold pieces
  7297 | D:7      | Bought a potion of might for 52 gold pieces
  7384 | D:7      | Identified a +5 battleaxe
  7384 | D:7      | Identified a +0 robe
  7395 | D:7      | Reached skill level 9 in Fighting
  7396 | D:7      | Identified a cursed +2 short sword
  7396 | D:7      | Identified a +0 robe
  7396 | D:7      | Identified a +0 great sword
  7396 | D:7      | Identified a cursed +0 robe
  7396 | D:7      | Identified a +0 shortbow
  7396 | D:7      | Identified a cursed -3 spear
  7396 | D:7      | Identified a cursed +0 robe
  7933 | D:8      | Identified a +0 short sword
  7933 | D:8      | Identified a +0 scale mail
  7933 | D:8      | Identified a +2 dagger of freezing
  7933 | D:8      | Identified a +0 robe
  7941 | D:8      | Reached XP level 10. HP: 91/91 MP: 15/15
  7953 | D:8      | Identified a cursed -1 glaive
  7953 | D:8      | Identified a +0 plate armour
  7955 | D:8      | Identified a +0 club
  7963 | D:8      | Identified a +2 dagger of holy wrath
  7963 | D:8      | Identified a +0 robe
  7963 | D:8      | Identified a +0 flail
  7973 | D:8      | Reached skill level 4 in Dodging
  7976 | D:8      | Identified a +0 war axe
  7981 | D:8      | Identified a +0 trident
  7981 | D:8      | Identified a +0 scale mail
  8354 | D:8      | Identified a +2 hat of magic resistance
  8354 | D:8      | Noticed Gastronok
  8354 | D:8      | Identified a +0 halberd
  8354 | D:8      | Identified a +0 chain mail
  8355 | D:8      | Identified a +2 dire flail of crushing
  8355 | D:8      | Identified a +0 plate armour
  8369 | D:8      | Reached skill level 3 in Evocations
  8605 | D:8      | Identified a +0 short sword
  8605 | D:8      | Identified a cursed +0 scale mail
  8613 | D:8      | Identified a +0 dagger
  8613 | D:8      | Identified a +0 robe
  8613 | D:8      | Identified a +1 hand axe of flaming
  8613 | D:8      | Identified a +0 chain mail
  8613 | D:8      | Identified a +0 flail
  8613 | D:8      | Identified a +0 leather armour
  8622 | D:8      | Reached skill level 6 in Armour
  8623 | D:8      | Identified a +0 club
  8623 | D:8      | Identified a +0 scale mail
  8630 | D:8      | Reached skill level 7 in Invocations
  8737 | D:8      | Identified a +0 war axe
  8737 | D:8      | Identified a +2 chain mail of cold resistance
  8737 | D:8      | Identified a +0 dagger
  8737 | D:8      | Identified a +0 chain mail
  8738 | D:8      | Identified a +0 leather armour
  8740 | D:8      | Identified a +0 halberd
  8740 | D:8      | Identified a +0 chain mail
  8760 | D:8      | Identified a +0 leather armour
  8765 | D:8      | Reached skill level 10 in Axes
  8765 | D:8      | Reached ***** piety under Lugonu
  8765 | D:8      | Identified a +0 mace
  8765 | D:8      | Identified a +0 leather armour
  8766 | D:8      | Identified a +0 mace
  8771 | D:8      | Identified a +0 flail
  8771 | D:8      | Identified a +0 leather armour
  9087 | D:8      | Identified a +0 trident
  9094 | D:8      | Identified a +0 mace
  9094 | D:8      | Identified a +0 chain mail
  9102 | D:8      | Identified a +4 dagger
  9105 | D:8      | Identified a +0 short sword
  9106 | D:8      | Identified a +0 trident
  9111 | D:8      | Identified a +3 mace of protection
  9116 | D:8      | Identified a +0 club
  9116 | D:8      | Identified a +0 leather armour
  9116 | D:8      | Identified a +0 dagger
  9117 | D:8      | Identified a +0 dagger
  9117 | D:8      | Identified a +0 hand axe
  9117 | D:8      | Identified a +0 leather armour
  9120 | D:8      | Identified a +0 trident
  9127 | D:8      | Identified a +0 hand axe
  9127 | D:8      | Identified a +0 flail
  9127 | D:8      | Identified a cursed +0 ring mail
  9162 | D:8      | Identified a +0 club
  9388 | D:8      | Killed Gastronok
  9388 | D:8      | Reached skill level 10 in Fighting
  9744 | D:9      | Identified a +0 war axe
  9744 | D:9      | Identified a +0 robe
  9747 | D:9      | Identified a +0 trident
  9750 | D:9      | Identified a +2 halberd of venom
  9750 | D:9      | Identified a cursed +0 chain mail
  9820 | D:9      | Identified a +0 hand axe
  9842 | D:9      | Found a staircase to the Orcish Mines.
  9886 | D:9      | Found a snail-covered altar of Cheibriados.
 10000 | D:9      | Reached skill level 4 in Evocations
 10004 | D:9      | Found an ancient bone altar of Kikubaaqudgha.
 10009 | D:9      | Found a sparkling altar of Nemelex Xobeh.
 10012 | D:9      | Found an ornate altar of the Wu Jian Council.
 10012 | D:9      | Found an iron altar of Okawaru.
 10077 | D:9      | Identified a +0 troll leather armour
 10077 | D:9      | Reached skill level 11 in Axes
 10077 | D:9      | Reached XP level 11. HP: 82/101 MP: 12/16
 10110 | D:9      | Identified a +0 giant club
 10111 | D:9      | Identified a +0 flail
 10117 | D:9      | Identified a cursed -1 war axe
 10117 | D:9      | Identified a +0 ring mail
 10121 | D:9      | Identified a +0 club
 10124 | D:9      | Identified a +0 club
 10124 | D:9      | Identified a +0 scale mail
 10136 | D:9      | Reached skill level 8 in Invocations
 10204 | D:9      | Identified a +0 mace
 10204 | D:9      | Identified a +0 ring mail
 10223 | D:9      | Noticed a cyclops
 10224 | D:9      | Identified a +0 club
 10249 | D:9      | Killed a cyclops
 10404 | D:10     | Entered Level 10 of the Dungeon
 10404 | D:10     | Identified a +0 dire flail
 10404 | D:10     | Identified a +0 chain mail
 10404 | D:10     | Identified a cursed -1 dagger
 10404 | D:10     | Identified a +0 leather armour
 10404 | D:10     | Identified a +0 falchion
 10404 | D:10     | Identified a +0 flail
 10408 | D:9      | Reached skill level 7 in Armour
 10419 | D:9      | Noticed a manticore
 10430 | D:9      | Killed a manticore
 10430 | D:9      | Reached skill level 11 in Fighting
 10673 | D:10     | Reached skill level 5 in Dodging
 10730 | D:10     | Identified a +0 war axe
 10730 | D:10     | Identified a +0 chain mail
 10731 | D:10     | Identified a cursed -1 war axe
 10731 | D:10     | Identified a cursed +0 chain mail
 10734 | D:10     | Identified a +0 dagger
 10734 | D:10     | Identified a +0 robe
 10987 | D:10     | Found a staircase to the Lair.
 11059 | D:10     | HP: 19/102 [freezing wraith (16)]
 11060 | D:10     | HP: 7/102 [freezing wraith (6)]
 11463 | D:10     | Identified a potion of agility
 11464 | D:10     | Identified a potion of brilliance
 11465 | D:10     | Identified a potion of invisibility
 11466 | D:10     | Identified 6 scrolls of amnesia
 11467 | D:10     | Identified a scroll of summoning
 11468 | D:10     | Identified a scroll of random uselessness
 11497 | D:10     | Identified a +0 pair of boots (You found it on level 10 of
                  | the Dungeon)
 11519 | Lair:1   | Entered Level 1 of the Lair of Beasts
 11537 | Lair:1   | Noticed an eight-headed hydra
 11541 | Lair:1   | Killed an eight-headed hydra
 11541 | Lair:1   | Reached skill level 12 in Axes
 11541 | Lair:1   | Reached skill level 5 in Evocations
 11625 | Lair:1   | Identified a scroll of magic mapping
 11672 | Lair:1   | Identified a scroll of holy word
 11922 | Lair:1   | Reached skill level 9 in Invocations
 11925 | Lair:1   | Reached XP level 12. HP: 77/112 MP: 11/18
 12186 | Lair:1   | Found a shattered altar of Ashenzari.
 12208 | Lair:1   | Reached skill level 12 in Fighting
 13136 | Lair:2   | Identified a ring of strength (You found it on level 2 of
                  | the Lair of Beasts)
 13140 | Lair:2   | Identified a ring of dexterity (You found it on level 2 of
                  | the Lair of Beasts)
 13763 | Lair:3   | Reached skill level 8 in Armour
 13796 | Lair:3   | Found a staircase to the Shoals.
 13825 | Lair:3   | Found a sparkling altar of Nemelex Xobeh.
 14046 | Lair:3   | Reached skill level 13 in Axes
 14048 | Lair:3   | HP: 25/112 [blink frog (3)]
 14584 | Lair:3   | Reached ****** piety under Lugonu
 14588 | Lair:3   | Reached skill level 6 in Dodging
 14590 | Lair:3   | Reached skill level 6 in Evocations
 15008 | Lair:4   | Noticed a six-headed hydra
 15044 | Lair:4   | Killed a six-headed hydra
 15074 | Lair:4   | Identified a cursed +0 pair of gloves (You found it on
                  | level 4 of the Lair of Beasts)
 15098 | Lair:4   | Identified a +2 scimitar of holy wrath
 15098 | Lair:4   | Identified a +0 robe
 15102 | Lair:4   | Identified a +0 vampiric hand axe
 15102 | Lair:4   | Identified a cursed +0 robe
 15115 | Lair:3   | HP: 27/113 [meliai/+0 vampiric hand axe (8)]
 15120 | Lair:3   | HP: 25/113 [poisoned by a killer bee]
 15126 | Lair:3   | HP: 25/113 [poisoned by a killer bee]
 15134 | Lair:3   | HP: 25/113 [poisoned by a killer bee]
 15462 | Lair:4   | Identified a +0 war axe
 15462 | Lair:4   | Identified a +0 robe
 15484 | Lair:4   | Identified a +0 hand axe
 15484 | Lair:4   | Identified a +0 robe
 15515 | Lair:4   | Reached skill level 10 in Invocations
 15982 | Lair:4   | Found a staircase to the Snake Pit.
 16405 | Lair:5   | Reached skill level 13 in Fighting
 16592 | Lair:5   | Reached XP level 13. HP: 122/122 MP: 20/20
 16599 | Lair:5   | Got an iridescent hand crossbow
 16600 | Lair:5   | Identified the cursed +1 hand crossbow "Ampacat" {velocity,
                  | Int+2} (You found it on level 5 of the Lair of Beasts)
 16604 | Lair:5   | Identified a potion of resistance
 16605 | Lair:5   | Identified a scroll of torment
 16606 | Lair:5   | Identified a +8 battleaxe of distortion (a +6 battleaxe
                  | corrupted by Lugonu)
 16606 | Lair:5   | Received a gift from Lugonu
 16607 | Lair:5   | Identified 2 scrolls of fog
 16608 | Lair:5   | Identified 3 scrolls of noise
 16609 | Lair:5   | Identified a scroll of enchant armour
 16818 | Lair:5   | Found a staircase to the Slime Pits.
 16954 | Lair:5   | Reached skill level 14 in Axes
 16968 | Lair:5   | HP: 21/122 [rime drake/flash freeze (15)]
 17035 | Lair:5   | Reached skill level 9 in Armour
 17940 | Lair:5   | Identified a ring of positive energy (You found it on level
                  | 4 of the Lair of Beasts)
 17950 | Lair:6   | Entered Level 6 of the Lair of Beasts
 18296 | Lair:6   | Identified a +0 dagger
 18296 | Lair:6   | Identified a +0 robe
 18299 | Lair:6   | Identified a +0 spear
 18300 | Lair:6   | Reached skill level 14 in Fighting
 18315 | Lair:6   | Identified a +0 short sword
 18315 | Lair:6   | Identified a +0 robe
 18320 | Lair:6   | Identified a +0 rapier
 18320 | Lair:6   | Identified a +0 robe
 18324 | Lair:6   | Reached skill level 7 in Dodging
 18327 | Lair:6   | Reached skill level 11 in Invocations
 18327 | Lair:6   | Identified a +0 dagger
 18327 | Lair:6   | Identified a +0 robe
 18330 | Lair:6   | HP: 26/124 [spriggan rider/+0 spear (10)]
 18702 | Lair:6   | Paralysed by a hornet for 3 turns
 18844 | Lair:6   | Identified a +0 dagger
 18844 | Lair:6   | Identified a +0 robe
 18847 | Lair:6   | Reached skill level 15 in Axes
 18885 | Lair:6   | Identified a +0 dagger
 18885 | Lair:6   | Identified a +0 robe
 19193 | Lair:6   | Identified a +2 rapier of speed
 19193 | Lair:6   | Identified a +0 robe
 19193 | Lair:6   | Identified a +0 buckler
 19261 | Lair:6   | Identified a +0 rapier
 19261 | Lair:6   | Identified a +0 robe
 19261 | Lair:6   | Identified a +0 buckler
 19261 | Lair:6   | Identified an uncursed ring of ice
 19499 | Lair:6   | Identified a +0 rapier
 19499 | Lair:6   | Identified a +0 robe
 19515 | Lair:6   | Identified a +0 spear
 19516 | Lair:6   | Identified a +0 rapier
 19516 | Lair:6   | Identified a +0 robe
 19561 | Lair:6   | Reached XP level 14. HP: 124/133 MP: 22/22
 20237 | D:10     | Identified a potion of lignification
 20254 | D:11     | Identified a scroll of silence
 20255 | D:11     | Identified a scroll of acquirement
 20392 | D:4      | Bought a +4 ring of slaying for 858 gold pieces
 20564 | Orc:1    | Entered Level 1 of the Orcish Mines
 20612 | Orc:1    | Identified a +0 trident
 20612 | Orc:1    | Identified a +0 chain mail
 20625 | Orc:1    | Identified a +0 flail
 20625 | Orc:1    | Identified a +0 leather armour
 20625 | Orc:1    | Identified a +0 club
 20629 | Orc:1    | Identified a +0 flail
 20629 | Orc:1    | Identified a +0 chain mail
 20633 | Orc:1    | Identified a +0 flail
 20634 | Orc:1    | Identified a +0 hand axe
 20634 | Orc:1    | Identified a +0 club
 20634 | Orc:1    | Identified a +0 leather armour
 20670 | Orc:1    | Identified a +0 war axe
 20670 | Orc:1    | Identified a +0 plate armour
 20676 | Orc:1    | Identified a +0 mace
 20915 | D:4      | Bought a +5 amulet of reflection for 453 gold pieces
 21156 | Orc:1    | Identified a +0 dagger
 21156 | Orc:1    | Identified a cursed +0 leather armour
 21169 | Orc:1    | Identified a +0 ring mail
 21169 | Orc:1    | Identified a +0 dagger
 21169 | Orc:1    | Identified a +0 robe
 21169 | Orc:1    | Identified a +0 robe
 21169 | Orc:1    | Identified a +0 flail
 21172 | Orc:1    | Identified a +0 dagger
 21172 | Orc:1    | Identified a +0 robe
 21186 | Orc:1    | Identified a +0 robe
 21186 | Orc:1    | Identified a +0 robe
 21192 | Orc:1    | Identified a +0 dagger
 21192 | Orc:1    | Identified a +0 robe
 21252 | Orc:1    | Identified a +0 dagger
 21252 | Orc:1    | Identified a +0 robe
 21327 | Orc:1    | Identified a cursed -2 flail
 21328 | Orc:1    | Identified a +2 flail of crushing
 21328 | Orc:1    | Identified a +0 leather armour
 21329 | Orc:1    | Identified a +0 dagger
 21329 | Orc:1    | Identified a +0 robe
 21331 | Orc:1    | Identified a +0 glaive
 21331 | Orc:1    | Identified a +0 plate armour
 21331 | Orc:1    | Identified a +0 mace
 21332 | Orc:1    | Identified a +0 dagger
 21332 | Orc:1    | Identified a +0 robe
 21332 | Orc:1    | Identified a cursed -2 dagger
 21387 | Orc:1    | Identified a +0 dagger
 21387 | Orc:1    | Identified a +0 robe
 21399 | Orc:1    | Identified a +0 giant spiked club
 21401 | Orc:1    | Identified a +0 hand axe
 21404 | Orc:1    | Identified a +0 trident
 21404 | Orc:1    | Identified a +0 plate armour
 21407 | Orc:1    | Identified a +0 giant club
 21407 | Orc:1    | Identified a +0 robe
 21407 | Orc:1    | Noticed Erolcha
 21417 | Orc:1    | Killed Erolcha
 21629 | Orc:1    | Found Rueluj's Distillery.
 21653 | Orc:1    | You fall into a shaft and drop 1 floor!
 21653 | Orc:2    | Entered Level 2 of the Orcish Mines
 21653 | Orc:2    | Found Zebbuck's Gadget Emporium.
 21653 | Orc:2    | Identified a +0 broad axe
 21653 | Orc:2    | Identified a +0 chain mail
 21653 | Orc:2    | Identified a +0 vampiric whip
 21653 | Orc:2    | Identified a +0 scale mail
 21653 | Orc:2    | Identified a +0 trident
 21654 | Orc:2    | Identified a +0 halberd
 21654 | Orc:2    | Identified a +0 chain mail
 21654 | Orc:2    | Identified a +0 battleaxe
 21654 | Orc:2    | Identified a +0 plate armour
 21654 | Orc:2    | Identified a +0 short sword
 21654 | Orc:2    | Identified a +0 leather armour
 21654 | Orc:2    | Identified a +0 short sword
 21654 | Orc:2    | Identified a +0 leather armour
 21763 | Orc:1    | Identified a +0 rapier
 21771 | Orc:1    | Identified a +0 short sword
 22248 | Orc:2    | Reached skill level 10 in Armour
 22335 | Orc:2    | Identified a +0 flail
 22335 | Orc:2    | Identified a +0 chain mail
 22335 | Orc:2    | Identified a +0 battleaxe
 22335 | Orc:2    | Identified a +0 chain mail
 22337 | Orc:2    | Identified a +1 great sword
 22337 | Orc:2    | Identified a +0 chain mail
 22337 | Orc:2    | Identified a +0 mace
 22338 | Orc:2    | Identified a +0 club
 22348 | Orc:2    | Identified a +0 leather armour
 22480 | Orc:2    | Identified a +0 flail
 22528 | Orc:2    | Identified a +0 giant club
 22596 | Orc:2    | Identified a +0 club
 22596 | Orc:2    | Identified a +0 ring mail
 22596 | Orc:2    | Identified a +0 battleaxe
 22596 | Orc:2    | Identified a +0 plate armour
 22609 | Orc:2    | Found a bloodstained altar of Trog.
 22612 | Orc:2    | Found a staircase to the Elven Halls.
 22679 | Orc:2    | Identified a +0 dagger
 22679 | Orc:2    | Identified a +0 trident
 22679 | Orc:2    | Identified a +0 ring mail
 22680 | Orc:2    | Identified a +0 club
 22680 | Orc:2    | Identified a +0 leather armour
 22682 | Orc:2    | Identified a +0 hand axe
 22682 | Orc:2    | Identified a +0 scale mail
 22682 | Orc:2    | Identified a +0 dagger of draining
 22684 | Orc:2    | Identified a +0 scale mail
 22685 | Orc:2    | Identified a +0 hand axe
 22685 | Orc:2    | Identified a +0 ring mail
 22686 | Orc:2    | Identified a +0 halberd
 22686 | Orc:2    | Identified a +0 plate armour
 22686 | Orc:2    | Identified a +1 war axe
 22686 | Orc:2    | Identified a cursed +0 chain mail
 22687 | Orc:2    | Found Qimewk's Distillery.
 22688 | Orc:2    | Identified a +0 long sword
 22688 | Orc:2    | Identified a +0 chain mail
 22689 | Orc:2    | Found Ruah's Magic Scroll Shoppe.
 22689 | Orc:2    | Identified a +0 mace
 22689 | Orc:2    | Identified a +0 flail of holy wrath
 22690 | Orc:2    | Identified a +0 flail
 22691 | Orc:2    | Identified a +0 hand axe
 22692 | Orc:2    | Identified a +0 battleaxe
 22692 | Orc:2    | Identified a +0 plate armour
 22692 | Orc:2    | Identified a +0 glaive
 22692 | Orc:2    | Identified a +0 plate armour
 22692 | Orc:2    | Identified a +0 ring mail
 22692 | Orc:2    | Identified a +0 whip
 22693 | Orc:2    | Identified a +0 club
 22695 | Orc:2    | Identified a +0 trident
 22696 | Orc:2    | Identified a +0 long sword
 22696 | Orc:2    | Identified a cursed -2 chain mail
 22696 | Orc:2    | Identified a +0 halberd
 22696 | Orc:2    | Identified a +0 chain mail
 22701 | Orc:2    | Identified a +0 halberd
 22701 | Orc:2    | Identified a +0 plate armour
 22702 | Orc:2    | Identified a +0 mace
 22702 | Orc:2    | Identified a +0 chain mail
 22704 | Orc:2    | Identified a cursed -3 battleaxe
 22704 | Orc:2    | Identified a cursed +0 chain mail
 23079 | D:4      | Bought a runed helmet for 150 gold pieces
 23089 | D:4      | Identified a +1 helmet of intelligence (You bought it in a
                  | shop on level 4 of the Dungeon)
 23172 | D:7      | Bought a potion of heal wounds for 65 gold pieces
 23172 | D:7      | Bought a potion of heal wounds for 65 gold pieces
 23417 | Orc:2    | Identified a cursed +0 scale mail
 23438 | Orc:2    | Bought a scroll of enchant weapon for 97 gold pieces
 23441 | Orc:2    | Bought a potion of heal wounds for 75 gold pieces
 23441 | Orc:2    | Bought a potion of resistance for 150 gold pieces
 23443 | Orc:2    | Identified a cursed +0 flail
 23582 | Orc:2    | Identified a +0 trident
 23590 | Orc:2    | Identified a +0 war axe
 23590 | Orc:2    | Identified a +0 chain mail
 23590 | Orc:2    | Identified a +0 dagger
 23590 | Orc:2    | Identified a +0 robe
 23590 | Orc:2    | Identified a +0 scimitar
 23590 | Orc:2    | Identified a +0 plate armour
 23590 | Orc:2    | Identified a +0 war axe
 23590 | Orc:2    | Identified a +4 plate armour
 23591 | Orc:2    | Identified a +2 hand axe of chopping
 23591 | Orc:2    | Identified a +0 plate armour
 23638 | Orc:2    | Reached skill level 15 in Fighting
 23882 | Orc:2    | Paralysed by an orc sorcerer for 5 turns
 24206 | Orc:2    | Identified a +0 club
 24207 | Orc:2    | Identified a +0 dagger
 24207 | Orc:2    | Identified a +0 leather armour
 24208 | Orc:2    | Identified a +0 mace
 24208 | Orc:2    | Identified a cursed +0 scale mail
 24229 | Orc:2    | Identified a +0 dire flail
 24230 | Orc:2    | Identified a +0 war axe
 24230 | Orc:2    | Identified a +0 plate armour
 24230 | Orc:2    | Identified a +0 trident
 24230 | Orc:2    | Identified a +0 plate armour
 24230 | Orc:2    | Identified a +0 mace
 24230 | Orc:2    | Identified a +0 plate armour
 24230 | Orc:2    | Identified a +0 trident
 24230 | Orc:2    | Identified a +0 hand axe
 24230 | Orc:2    | Identified a +0 leather armour
 24230 | Orc:2    | Identified a +0 war axe
 24230 | Orc:2    | Identified a +0 short sword of electrocution
 24230 | Orc:2    | Identified a +0 ring mail
 24230 | Orc:2    | Identified a +0 battleaxe
 24594 | Orc:1    | Reached skill level 16 in Axes
 25198 | Orc:2    | Identified a cursed +0 dagger
 25198 | Orc:2    | Identified a +2 robe of magic resistance
 25198 | Orc:2    | Identified a cursed -3 dagger
 25198 | Orc:2    | Identified a +0 robe
 25203 | Orc:2    | Identified a +1 demon trident of venom
 25204 | Orc:2    | Identified a +0 trident
 25206 | Orc:2    | Paralysed by an orc sorcerer for 2 turns
 25208 | Orc:2    | HP: 30/135 [sixfirhy[an orc high priest] (10)]
 25208 | Orc:2    | HP: 8/135 [orc high priest/divine providence (9)]
 25208 | Orc:2    | HP: 3/135 [ice devil[an orc high priest] (5)]
 25208 | Orc:2    | Demolished by an ice devil

Table legend:
 A = Turns spent in this place as a percentage of turns spent in the entire game.
 B = Non-inter-level travel turns spent in this place as a percentage of non-inter-level travel turns spent in the entire game.
 C = Inter-level travel turns spent in this place as a percentage of turns spent in this place.
 D = Turns resting spent in this place as a percentage of non-inter-level travel turns spent in this place.
 E = Turns spent auto-exploring this place as a percentage of non-inter-level travel turns spent in this place.
 F = Non-inter-level travel turns spent in this place divided by the number of levels of this place that you've seen.
                   A       B       C       D       E      F
               +-------+-------+-------+-------+-------+----------------------
         Total | 100.0 | 100.0 |   7.8 |  29.7 |  49.9 | 1056.5
       Dungeon |  48.7 |  46.6 |  11.8 |  24.8 |  53.0 | 984.9
          Lair |  34.6 |  35.9 |   4.1 |  31.0 |  54.8 | 1392.2
  Orcish Mines |  16.2 |  17.0 |   3.7 |  40.9 |  32.5 | 1972.5
         Abyss |   0.4 |   0.5 |   0.0 |   0.0 |   0.0 |  37.3
               +-------+-------+-------+-------+-------+----------------------

Table legend:
 A = Kills in this place as a percentage of kills in entire the game.
 B = Kills by you in this place as a percentage of kills by you in the entire game.
 C = Kills by friends in this place as a percentage of kills by friends in the entire game.
 D = Other kills in this place as a percentage of other kills in the entire game.
 E = Experience gained in this place as a percentage of experience gained in the entire game.
 F = Experience gained in this place divided by the number of levels of this place that you have seen.
                   A       B       C       D       E      F
               +-------+-------+-------+-------+-------+----------------------
         Total | 100.0 | 100.0 | 100.0 | 100.0 | 100.0 | 3347.8
       Dungeon |  47.6 |  49.4 |   0.0 |   0.0 |  19.6 | 1312.9
          Lair |  32.9 |  31.5 | 100.0 |  68.4 |  58.5 | 7178.8
  Orcish Mines |  19.5 |  19.1 |   0.0 |  31.6 |  21.9 | 8068.5
               +-------+-------+-------+-------+-------+----------------------

Skill      XL: |  1  2  3  4  5  6  7  8  9 10 11 12 13 14 |
---------------+-------------------------------------------+-----
Axes           | 3 4 5 6 8 9 11 12 13 15 16 | 16.1
Fighting       | 4 5 6 7 9 10 11 13 14 15 | 15.2
Dodging        | 1 2 3 4 5 6 7 |  7.8
Invocations    | 3 4 5 6 7 9 10 11 | 11.9
Armour         | 3 4 5 6 7 8 9 10 | 10.3
Shields        | 2 3 |  3.6
Evocations     | 2 4 5 6 |  6.7

Action                   |  1- 3 |  4- 6 |  7- 9 | 10-12 | 13-15 || total
-------------------------+-------+-------+-------+-------+-------++-------
Melee: Hand axe          |    99 |   134 |   545 |       |       ||   778
       Battleaxe         |       |       |     6 |   539 |   437 ||   982
Throw: Stone             |    65 |    64 |   109 |   246 |     8 ||   492
       Boomerang         |       |       |       |       |   233 ||   233
Invok: Depart the Abyss  |     1 |       |       |       |       ||     1
       Bend Space        |       |       |       |     2 |     1 ||     3
       Brand Weapon With |       |       |       |       |     1 ||     1
Evoke: Wand              |       |       |       |    11 |     1 ||    12
       Lamp of fire      |       |       |       |     1 |       ||     1
  Use: Scroll            |     2 |     5 |     5 |    11 |    16 ||    39
       Potion            |     2 |       |     1 |     2 |     1 ||     6
  Eat: Chunk             |     1 |     6 |     9 |    13 |    11 ||    40
       Ration            |       |       |     2 |     5 |     5 ||    12
Armor: Leather armour    |     7 |       |       |       |       ||     7
       Ring mail         |    17 |    44 |     1 |       |       ||    62
       Scale mail        |       |     6 |       |       |       ||     6
       Chain mail        |       |       |   330 |    44 |       ||   374
       Plate armour      |       |       |       |   348 |   267 ||   615
Dodge: Dodged            |    51 |    82 |   146 |   294 |   246 ||   819
Block: Large shield      |       |       |   101 |       |       ||   101
       Shield            |       |       |    80 |       |       ||    80
       Other             |       |       |       |       |    36 ||    36
       Reflection        |       |       |       |       |     3 ||     3

Vanquished Creatures
  Gastronok (D:8)
  Erolcha (Orc:1)
  3 hydras
  3 orc high priests
  3 orc knights
  2 deep elf magi (Orc:1)
  A cyclops (D:9)
  2 orc sorcerers
  A manticore (D:9)
  10 elephants (Lair:6)
  4 black mambas
  6 spiny frogs
  7 rime drakes
  An ice devil (Orc:2)
  9 komodo dragons
  A freezing wraith (D:10)
  A hellwing (Orc:2)
  A queen bee (Lair:4)
  2 red devils (Orc:2)
  4 trolls
  3 meliai
  A dream sheep (Lair:6)
  3 polar bears (Lair:6)
  4 blink frogs
  9 hippogriffs
  3 hornets
  12 spriggans (Lair:6)
  6 wyverns (Lair:5)
  23 yaks
  A wraith (D:10)
  5 basilisks
  A chaos spawn (Orc:1)
  A neqoxec (Orc:2)
  A vampire mosquito (D:9)
  A naga (Lair:4)
  A hell hound (Lair:5)
  An acid dragon (D:9)
  3 porcupines
  8 water moccasins
  A swamp drake (Orc:1)
  3 ice beasts
  31 orc warriors
  5 black bears
  2 phantoms
  A necrophage (D:7)
  13 wolves (Lair:6)
  4 boggarts (Lair:6)
  4 ogres
  4 centaurs
  9 crocodiles
  A big kobold (D:7)
  10 bullfrogs
  A water moccasin skeleton (D:7)
  2 scorpions (D:7)
  20 killer bees
  9 wights
  2 electric eels
  3 howler monkeys
  A bullfrog zombie (D:10)
  A crimson imp (Orc:1)
  29 orc priests
  5 centaur zombies
  9 jellies
  14 hounds
  15 orc wizards
  An iron imp (Orc:1)
  3 bullfrog skeletons
  2 centaur skeletons
  3 iguanas
  9 worker ants
  A hound skeleton (D:10)
  3 gnolls (D:4)
  10 adders
  2 shadow imps
  A white imp (Orc:1)
  6 oozes
  2 adder skeletons
  An adder zombie (D:9)
  A worm (D:5)
  6 leopard geckos
  87 orcs
  3 giant cockroaches
  6 goblins
  10 hobgoblins
  6 jackals
  4 quokkas
  2 ball pythons
  16 bats
  2 frilled lizards
  6 kobolds
  A quokka skeleton (D:6)
  17 rats
  5 fungi
  3 plants
568 creatures vanquished.

Vanquished Creatures (collateral kills)
  A wyvern (Lair:4)
  A crocodile (Lair:4)
2 creatures vanquished.

Vanquished Creatures (others)
  A catoblepas (Lair:5)
  2 orc knights
  A manticore (Lair:5)
  An elephant (Lair:6)
  A spiny frog (Lair:6)
  A rime drake (Lair:5)
  An ice devil (Orc:2)
  2 hornets (Lair:6)
  A hippogriff (Lair:6)
  A basilisk (Lair:5)
  2 orc warriors (Orc:2)
  An ogre (Orc:1)
  4 wolves (Lair:6)
  13 fungi
  12 plants
44 creatures vanquished.

Grand Total: 614 creatures vanquished
